 Dungeon Crawl Stone Soup version 0.28.0-45-g0d030f2227 (webtiles) character file.

Game seed: 8954183836752060468

212 Mitsuki the Conjurer (level 5, 0/27 (28) HPs)
             Began as a Deep Elf Conjurer on Apr 5, 2022.
             Slain by a wight
             ... wielding a +5 falchion
              (1 damage)
             ... on level 3 of the Dungeon.
             The game lasted 00:05:14 (3464 turns).

Mitsuki the Conjurer (Deep Elf Conjurer)            Turns: 3464, Time: 00:05:14

HP:   0/27 (28)     AC:  3    Str:  4    XL:     5   Next: 58%
MP:   13/14         EV: 12    Int: 25    God:
Gold: 175           SH:  0    Dex: 13    Spells: 13/14 levels left

rFire   . . .      SeeInvis .   d - +0 rapier
rCold   . . .      Faith    .   (no shield)
rNeg    . . .      Spirit   .   a - +0 robe
rPois   .          Reflect  .   j - +0 helmet
rElec   .          Harm     .   (no cloak)
rCorr   .          Rampage  .   (no gloves)
Will    .....                   (no boots)
Stlth   ++........              (no amulet)
HPRegen 0.09/turn               (no ring)
MPRegen 0.14/turn               (no ring)

@: lightly drained
A: no striking features
a: no special abilities


You were on level 3 of the Dungeon.
You visited 1 branch of the dungeon, and saw 4 of its levels.

You collected 175 gold pieces.

Inventory:

Hand Weapons
 d - a +0 rapier (weapon)
Armour
 a - a +0 robe (worn)
 j - a +0 helmet (worn)
Wands
 k - a wand of polymorph (6)
 n - a wand of flame (22)
Scrolls
 b - a scroll of vulnerability {unknown}
 c - 2 scrolls of identify {unknown}
 e - 5 scrolls of magic mapping {unknown}
 g - 2 scrolls of fog {unknown}
 i - a scroll of fear {unknown}
 m - a scroll of enchant armour {unknown}
Potions
 f - 2 potions of magic {unknown}
 h - a potion of haste {unknown}
 l - a potion of degeneration {unknown}


   Skills:
 - Level 2.4 Dodging
 - Level 2.4 Stealth
 + Level 5.1 Spellcasting
 * Level 6.7 Conjurations


You had 13 spell levels left.
You knew the following spells:

 Your Spells              Type           Power      Damage    Failure   Level
a - Magic Dart            Conj           100%       1d8       1%          1

Your spell library contained the following spells:

 Spells                   Type           Power      Damage    Failure   Level
 Searing Ray              Conj           80%        2d7       1%          2
 Dazzling Flash           Conj/Hex       46%        N/A       6%          3
 Stone Arrow              Conj/Erth      46%        3d9       6%          3
 Sandblast                Erth           12%        2d6       9%          1
 Passwall                 Tmut/Erth      5%         N/A       12%         2
 Sublimation of Blood     Necr           6%         N/A       12%         2
 Fulminant Prism          Conj/Hex       11%        3d9       21%         4
 Iskenderun's Mystic Bla  Conj/Tloc      23%        2d6       21%         4
 Irradiate                Conj/Tmut      11%        3d17      50%         5
 Petrify                  Tmut/Erth      6%         N/A       63%         4


Dungeon Overview and Level Annotations

Branches:
Dungeon (4/15)
 Temple: D:4-7

Altars:
Gozag
Qazlal
Wu Jian


Message History

You are too injured to fight recklessly!
MP restored: 14
There is an escape hatch in the ceiling here.
The wight misses you. A mysterious force pulls you upwards.
The hatch slams shut behind you.
Casting: Magic Dart (safe; 1% risk of failure)
Confirm with . or Enter, or press ? or * to list all spells.
Okay, then.
Casting: Magic Dart (safe; 1% risk of failure)
Confirm with . or Enter, or press ? or * to list all spells.
Aiming: Magic Dart (safe; 1% risk of failure)
Press: ? - help, Shift-Dir - straight line, f - wight
Aim: a wight, wielding a +5 falchion and wearing a +0 robe (100% to hit)
The magic dart hits the wight.
The wight is heavily damaged.
The wight hits you with a +5 falchion!
You take 9 damage, and have 10/28 hp.
MASSIVE DAMAGE!!
You now have 13/14 mp.
Casting: Magic Dart (safe; 1% risk of failure)
Confirm with . or Enter, or press ? or * to list all spells.
Aiming: Magic Dart (safe; 1% risk of failure)
Press: ? - help, Shift-Dir - straight line, f/p - wight
Aim: a wight, wielding a +5 falchion and wearing a +0 robe (heavily damaged, 100% to hit)
The magic dart hits the wight.
The wight is heavily damaged.
The wight hits you with a +5 falchion.
* * * LOW HITPOINT WARNING * * *
You take 6 damage, and have 4/28 hp.
MASSIVE DAMAGE!!
You now have 12/14 mp.
MP restored: 14 The wight closely misses you.
Casting: Magic Dart (safe; 1% risk of failure)
Confirm with . or Enter, or press ? or * to list all spells.
Aiming: Magic Dart (safe; 1% risk of failure)
Press: ? - help, Shift-Dir - straight line, f/p - wight
Aim: a wight, wielding a +5 falchion and wearing a +0 robe (heavily damaged, 100% to hit)
The magic dart hits the wight.
The wight is heavily damaged.
The wight hits you with a +5 falchion.
* * * LOW HITPOINT WARNING * * *
You feel drained.
You die...

.......#######.# ###........#.##.
............##.# #............##.
............##.# #.####....##.###
#.#'#.......##.#########'''######
#.#.#............##...'.....'...#
#.#.#..........#.##._.'.♣♣♣.'._.#
#.#.#..........#.##...'.....'...#
#.#.##.........#z#######'''######
#.#............#@#..........####.
#.##############.#..#.........##.
#.# #.#............##. #.# ######
#....≈≈≈.......### #.# #....#
#...≈≈≈≈≈......# # #.# #....#
######≈#####...# # #.# #....#
##### #≈≈# #...### #.# #....#
#...# ###≈# #......
#.####....###.### ≈# #......


You could see a wight.

Vanquished Creatures
  Jessica (D:3)
  Natasha (thrice) (D:3)
  Robin (D:3)
  An adder (D:2)
  A gnoll (D:1)
  An adder skeleton (D:4)
  2 worms
  2 orcs
  6 ball pythons
  10 bats
  3 endoplasms
  2 giant cockroaches
  7 goblins
  8 hobgoblins
  5 jackals (D:3)
  6 kobolds
  3 quokkas
  4 frilled lizards
  6 rats
72 creatures vanquished.

Notes
Turn   | Place    | Note
-------+----------+-------------------------------------------
     0 | D:1      | Mitsuki the Deep Elf Conjurer began the quest for the Orb.
     0 | D:1      | Reached XP level 1. HP: 10/10 MP: 6/6
   253 | D:1      | Reached XP level 2. HP: 15/15 MP: 4/8
   347 | D:1      | Reached skill level 5 in Conjurations
   498 | D:1      | Found a faded altar of an unknown god.
   577 | D:1      | Reached XP level 3. HP: 19/19 MP: 8/10
  1140 | D:2      | Found an ornate altar of the Wu Jian Council.
  1989 | D:3      | Reached XP level 4. HP: 24/24 MP: 8/12
  1993 | D:3      | Noticed Robin
  2000 | D:3      | Killed Robin
  2348 | D:3      | Noticed Natasha
  2353 | D:3      | Killed Natasha
  2354 | D:3      | Reached skill level 6 in Conjurations
  2467 | D:3      | Found a stormy altar of Qazlal.
  2502 | D:3      | Noticed Natasha
  2506 | D:3      | Killed Natasha
  2507 | D:3      | Reached XP level 5. HP: 26/28 MP: 9/14
  2802 | D:3      | Noticed Jessica
  2812 | D:3      | Killed Jessica
  2877 | D:3      | Noticed Natasha
  2882 | D:3      | Killed Natasha
  2883 | D:3      | Reached skill level 5 in Spellcasting
  3108 | D:3      | Found an opulent altar of Gozag.
  3464 | D:3      | HP: 1/28 [wight/+5 falchion (4)]
  3464 | D:3      | Slain by a wight

Illustrated notes

Levels and vault maps discovered:
D:1:      minmay_arrival_three_doors, layout_rooms,
          hellmonk_ecumenical_altar_prayer_group
D:2:      layout_basic, basic_altar, minmay_tetromino_i2
D:3:      layout_basic, mainiacjoe_overflow_big_doors, lemuel_another_geyser,
          uniq_robin, uniq_jessica, uniq_natasha
D:4:      layout_loops_ring, nemelex_diamond_rough_becter,
          vehumet_altar_wand_db, minmay_temple_entry_gardened_gates,
          minmay_cut_off, uniq_blork_the_orc, uniq_crazy_yiuf_cottage

Skill      XL: |  1  2  3  4  5 |
---------------+----------------+-----
Conjurations   | 5 6 |  6.7
Spellcasting   | 4 5 |  5.1
Dodging        | |  2.4
Stealth        | |  2.4

Action                   |  1- 3 |  4- 6 || total
-------------------------+-------+-------++-------
Melee: Unarmed           |       |     2 ||     2
 Cast: Magic Dart        |    71 |    69 ||   140
Armor: Robe              |     3 |     1 ||     4
Dodge: Dodged            |     6 |     6 ||    12
